 Dungeon Crawl Stone Soup version 0.22-b1-26-g9dbaab1 (webtiles) character file.

6963 nicolaieve the Basher (level 10, -6/84 HPs)
             Began as a Minotaur Berserker on Aug 8, 2018.
             Was an Elder of Trog.
             Killed from afar by Erica (23 damage)
             ... with a bolt of poison
             ... on level 9 of the Dungeon.
             The game lasted 00:29:38 (7040 turns).

nicolaieve the Basher (Minotaur Berserker)          Turns: 7040, Time: 00:29:40

Health: -6/84      AC: 15    Str: 21    XL:     10   Next: 81%
Magic:  16/16      EV:  9    Int:  4    God:    Trog [****..]
Gold:   544        SH:  0    Dex: 12    Spells: 9/9 levels left

rFire    + . .     SeeInvis .   i - +0 whip
rCold    + + +     Gourm    +   (no shield)
rNeg     + . .     Faith    .   q - +0 chain mail
rPois    .         Spirit   .   u - +1 hat
rElec    +         Reflect  .   A - scarf {repulsion}
rCorr    .         Harm     .   (no gloves)
MR       ++...                  w - +2 pair of boots
Stlth    ..........             v - amulet of Dishonesty {Gourm rElec rF+ rC+++ Dex-2}
HPRegen  1.24/turn              (no ring)
MPRegen  0.15/turn              s - ring of positive energy

@: lethally poisoned (-6 -> -11), berserk cooldown, regenerating, repel missiles
A: retaliatory headbutt, horns 2
a: Berserk, Trog's Hand, Brothers in Arms, Renounce Religion


You were on level 9 of the Dungeon.
You worshipped Trog.
Trog was greatly pleased with you.
You were very full.

You visited 1 branch of the dungeon, and saw 9 of its levels.

You collected 544 gold pieces.

Inventory:

Hand Weapons
 i - a +0 whip (weapon)
Armour
 q - a +0 chain mail (worn)
 u - a +1 hat (worn)
 w - a +2 pair of boots (worn)
 A - a scarf of repulsion (worn)
Jewellery
 s - a ring of positive energy (right hand)
 v - the amulet of Dishonesty (around neck) {Gourm rElec rF+ rC+++ Dex-2}
   (You found it on level 5 of the Dungeon)

   [amulet of the gourmand]

   It allows you to eat raw meat even when not hungry.
   It affects your dexterity (-2).
   It protects you from fire.
   It renders you almost immune to cold.
   It insulates you from electricity.
Wands
 m - a wand of disintegration (15)
 C - a wand of digging (9)
Scrolls
 a - a scroll of immolation {unknown}
 d - 4 scrolls of teleportation {unknown}
 e - 5 scrolls of remove curse {unknown}
 g - 4 scrolls of amnesia {unknown}
 k - 3 scrolls of identify {unknown}
 l - 2 scrolls of enchant armour {unknown}
 n - 2 scrolls of enchant weapon {unknown}
 r - a scroll of blinking {unknown}
 y - 2 scrolls of fear {unknown}
 z - a scroll of fog {unknown}
Potions
 b - 3 potions of curing {unknown}
 f - 5 potions of agility {unknown}
 h - 3 potions of might {unknown}
 j - a potion of resistance {unknown}
 o - a potion of haste
 p - a potion of brilliance {unknown}
 t - a potion of mutation {unknown}
 x - 2 potions of heal wounds {unknown}
 D - a potion of invisibility {unknown}
Comestibles
 c - 17 rations


   Skills:
 + Level 6.8 Fighting
 - Level 12.0 Maces & Flails
 + Level 8.5 Armour
 + Level 3.1 Dodging
 - Level 9.4 Evocations


You had 9 spell levels left.
You didn't know any spells.
Your spell library was empty.

Dungeon Overview and Level Annotations

Branches:
Dungeon (9/15)             Temple (0/1) D:5             Orc (0/2) D:9
   Lair: D:8-11

Altars:
Makhleb
Nemelex Xobeh
Vehumet
Beogh

Shops:
D:9 [

Annotations:
D:5 1 runed door
D:9 Erica


Innate Abilities, Weirdness & Mutations

You reflexively headbutt those who attack you in melee.
You have a pair of horns on your head.


Message History

You feel very sick.
The crimson imp blinks!
Okay, then.
Your skin crawls.
You feel resistant to hostile enchantments.
You feel somewhat less full.
You feel sick. Something hits you but does no damage.
The orc closely misses you.
Unknown command.
You feel yourself speed up.
You feel sick.
The crimson imp hits you but does no damage.
Something hits you but does no damage.
There is an open door here.
You feel sick.
You hear some strange, mumbled words.
A bolt of poison appears from out of thin air!
The bolt of poison misses the crimson imp.
The bolt of poison hits you!
You are more poisoned.
You die...

####.# ####+#####
#.o. # #........#
#5.. ..##........#
#...
..'........#######
#...
#........'.....###...
#...o....#####...)...
####5##### #####...
#@# #... #.# ###+
#.## #..## ##..#
##'###### #.......#
#.......+ #.......#


You could see a crimson imp and an orc.

Vanquished Creatures
  A two-headed ogre (D:9)
  The ghost of melvinkitnick the Covert, a novice OpAs of Uskayaw (D:5)
  A cyclops (D:6)
  Joseph (D:8)
  Grinder (D:3)
  The ghost of goulibeur the Agent of Entropy, an amateur DsAK of Lugonu (D:4)
  A hornet (D:8)
  Prince Ribbit (D:8)
  2 hippogriffs (D:8)
  A wyvern (D:5)
  Grum (D:8)
  Menkaure (D:4)
  A soldier ant (D:8)
  3 orc warriors
  A water moccasin (D:6)
  A black bear (D:8)
  A necrophage (D:8)
  A phantom (D:7)
  3 ice beasts
  2 ogres
  3 wolves (D:8)
  3 centaurs
  6 bullfrogs
  A wyvern zombie (D:6)
  A scorpion (D:5)
  A water moccasin skeleton (D:8)
  2 howler monkeys
  3 crimson imps
  7 hounds
  A jelly (D:5)
  2 bullfrog skeletons
  3 orc priests
  A centaur skeleton (D:6)
  An iguana (D:6)
  5 orc wizards
  8 worker ants
  3 worker ant zombies
  16 adders
  12 gnolls
  A river rat (D:5)
  5 shadow imps
  An adder zombie (D:5)
  10 leopard geckos
  33 orcs
  5 giant cockroaches
  8 goblins
  11 hobgoblins
  12 jackals
  4 kobolds
  4 quokkas
  8 bats
  6 frilled lizards
  A leopard gecko skeleton (D:4)
  A quokka skeleton (D:8)
  7 rats
222 creatures vanquished.

Vanquished Creatures (others)
  An orc warrior (D:9)
1 creature vanquished.

Grand Total: 223 creatures vanquished

Notes
Turn   | Place    | Note
-------+----------+-------------------------------------------
     0 | D:1      | nicolaieve the Minotaur Berserker began the quest for the Orb.
     0 | D:1      | Reached XP level 1. HP: 19/19 MP: 0/0
   154 | D:1      | Reached skill level 4 in Maces & Flails
   167 | D:1      | Reached XP level 2. HP: 18/26 MP: 1/1
   644 | D:1      | Reached skill level 5 in Maces & Flails
   879 | D:2      | Reached XP level 3. HP: 23/31 MP: 2/2
  1096 | D:2      | Reached XP level 4. HP: 27/39 MP: 3/3
  1098 | D:2      | Reached skill level 6 in Maces & Flails
  1182 | D:2      | Reached ** piety under Trog
  1658 | D:3      | Reached XP level 5. HP: 45/45 MP: 4/4
  1703 | D:3      | Reached skill level 7 in Maces & Flails
  1745 | D:3      | Noticed Grinder
  1746 | D:3      | Paralysed by Grinder for 2 turns
  1759 | D:3      | Killed Grinder
  1759 | D:3      | Reached skill level 8 in Maces & Flails
  1759 | D:3      | Reached XP level 6. HP: 34/51 MP: 5/5
  1861 | D:3      | HP: 2/51 [gnoll/halberd (12)]
  2159 | D:3      | Reached skill level 9 in Maces & Flails
  2414 | D:4      | Reached *** piety under Trog
  2562 | D:4      | Found a runed gate.
  2562 | D:4      | Found a runed gate.
  2562 | D:4      | Found a runed gate.
  2563 | D:4      | Noticed goulibeur's ghost (amateur DsAK)
  2616 | D:4      | Reached XP level 7. HP: 36/57 MP: 6/6
  2768 | D:4      | Found a burning altar of Makhleb.
  2894 | D:4      | Reached skill level 10 in Maces & Flails
  2976 | D:4      | Noticed Menkaure
  2983 | D:4      | Killed Menkaure
  3111 | D:4      | Found a roughly hewn altar of Beogh.
  3135 | D:4      | Killed goulibeur's ghost
  3135 | D:4      | Reached skill level 11 in Maces & Flails
  3161 | D:4      | Reached XP level 8. HP: 25/64 MP: 7/7
  3225 | D:5      | Entered Level 5 of the Dungeon
  3250 | D:5      | Found a staircase to the Ecumenical Temple.
  3253 | D:5      | Reached skill level 12 in Maces & Flails
  3427 | D:5      | Found a runed door.
  3604 | D:5      | Reached **** piety under Trog
  3729 | D:5      | Got a warped tin amulet
  3857 | D:5      | Identified the amulet of Dishonesty {Gourm rElec rF+ rC+++ Dex-2} (You found it on level 5 of the Dungeon)
  3892 | D:5      | Found a runed door.
  3893 | D:5      | Noticed melvinkitnick's ghost (novice OpAs)
  4046 | D:5      | Killed melvinkitnick's ghost
  4046 | D:5      | Reached skill level 5 in Evocations
  4046 | D:5      | Reached XP level 9. HP: 70/70 MP: 9/12
  4516 | D:6      | Found a radiant altar of Vehumet.
  4523 | D:6      | Found a sparkling altar of Nemelex Xobeh.
  4657 | D:6      | Noticed a cyclops
  4666 | D:6      | Killed a cyclops
  5837 | D:8      | Noticed Prince Ribbit
  5847 | D:8      | Killed Prince Ribbit
  5847 | D:8      | Reached XP level 10. HP: 49/78 MP: 16/16
  6242 | D:8      | Reached skill level 5 in Armour
  6324 | D:8      | Noticed Joseph
  6335 | D:8      | Killed Joseph
  6335 | D:8      | Reached skill level 5 in Fighting
  6367 | D:8      | Noticed Grum
  6392 | D:8      | Killed Grum
  6981 | D:9      | Noticed a two-headed ogre
  6988 | D:9      | Killed a two-headed ogre
  6995 | D:9      | Found Dead Kuh's Armour Shop.
  6995 | D:9      | Found a staircase to the Orcish Mines.
  7006 | D:9      | Noticed Erica
  7008 | D:9      | Reached ***** piety under Trog
  7040 | D:9      | Killed from afar by Erica

Skill      XL: |  1  2  3  4  5  6  7  8  9 10 |
---------------+-------------------------------+-----
Maces & Flails | 4 5 6 8 9 11 12 | 12.0
Evocations     | 5 9 |  9.4
Armour         | 3 8 |  8.5
Fighting       | 6 |  6.8
Dodging        | 3 |  3.1

Action                   |  1- 3 |  4- 6 |  7- 9 | 10-12 || total
-------------------------+-------+-------+-------+-------++-------
Melee: Mace              |    17 |       |       |       ||    17
       Headbutt          |     5 |    28 |    95 |    52 ||   180
       Whip              |    43 |   160 |   457 |   182 ||   842
Invok: Berserk           |     2 |     3 |    10 |     5 ||    20
       Trog's Hand       |       |       |     1 |     3 ||     4
  Eat: Chunk             |     2 |     8 |    33 |     8 ||    51
Armor: Animal skin       |     2 |       |       |       ||     2
       Ring mail         |    11 |    16 |       |       ||    27
       Chain mail        |       |    36 |   137 |    73 ||   246
       Scale mail        |       |     2 |       |       ||     2
Dodge: Dodged            |    41 |    75 |   114 |    64 ||   294
       Deflected         |       |       |       |     1 ||     1
